 Dungeon Sprint DCSS version 0.31-a0-799-g6bc09d010c (webtiles) character file.

Game seed: 16459930280669687507

492 sircluck the Grappler (level 6, -5/72 HPs)
             Began as a Troll Berserker on Sept 19, 2023.
             Was an Elder of Trog.
             Killed from afar by a deep elf pyromancer (33 damage)
             ... with a bolt of fire
             ... in the Dungeon (Sprint III: "The Ten Rune Challenge").
             The game lasted 00:00:44 (222 turns).

sircluck the Grappler (Troll Berserker)              Turns: 222, Time: 00:00:45

Health: -5/72      AC:  4    Str: 27    XL:     6   Next: 91%
Magic:  5/5        EV: 11    Int:  7    God:    Trog [****..]
Gold:   22         SH:  0    Dex:  6    Spells: 5/5 levels left

rFire   . .          .
                       - Unarmed
rCold   . . .        (no shield)
rNeg    . . .        a - +0 animal skin
rPois   .            (helmet restricted)
rElec   .            (no cloak)
rCorr   .            (gloves unavailable)
SInv    .            (boots unavailable)
Will    .....        (no amulet)
Stlth   +            (no ring)
HPRegen 1.92/turn    (no ring)
MPRegen 0.09/turn

%: no teleportation, clarity
@: no status effects
A: large, unfitting armour, claws 3, regeneration 2, shaggy fur 1, tough skin 1,
clarity, clever 1, clumsy 1
a: Renounce Religion, Berserk, Trog's Hand, Brothers in Arms


You were in the Dungeon.
You worshipped Trog.
Trog was greatly pleased with you.
You visited 1 branch You collected 22 gold pieces.

Inventory:

Armour
 a - a +0 animal skin (worn)
Wands
 m - a wand of iceblast (8)
Scrolls
 g - a scroll of blinking
 i - 2 scrolls of torment {unknown}
 j - 2 scrolls of identify
 k - a scroll of fear {unknown}
Potions
 b - 2 potions of curing
 c - a potion of heal wounds
 d - a potion of haste
 e - 2 potions of magic
 f - a potion of berserk rage
 h - 4 potions of mutation
 l - a potion of enlightenment {unknown}


   Skills:
 + Level 7.7 Fighting
 + Level 7.6 Dodging
 + Level 9.1 Unarmed Combat


You had 5 spell levels left.
You didn't know any spells.
Your spell library was empty.

Dungeon Overview and Level Annotations

Branches:
Dungeon (1/1)

Altars:
Dithmenos
Elyvilon
Kikubaaqudgha
Okawaru
Ru
Sif Muna
Trog
Uskayaw
Vehumet
Wu Jian
Yredelemnul
Zin
The Shining One


Innate Abilities, Weirdness & Mutations

You are too large for most types of armour.
You have claws for hands.
You heal very quickly.
You are covered in fur. (AC +1)
You have tough skin. (AC +1)
You possess an exceptional clarity of mind.
Your mind is acute. (Int +4, Str/Dex -1)
You are clumsy. (Dex -2)


Message History

You recover from your berserk rage.
You open the door.
Found three altars.
A deep elf pyromancer comes into view.
It is wielding a +0 long sword of holy wrath.
Found a potion of heal wounds.
The deep elf pyromancer shouts!
There is an open door here.
You barely miss the deep elf pyromancer.
The deep elf pyromancer closely misses you.
You claw the deep elf pyromancer!
The deep elf pyromancer is moderately wounded.
The deep elf pyromancer mumbles some strange words.
You barely miss the deep elf pyromancer.
The deep elf pyromancer is moderately wounded.
The deep elf pyromancer hits you with a +0 long sword of holy wrath!
The fire elemental hits you. The fire elemental burns you!
You scratch the deep elf pyromancer.
The deep elf pyromancer is moderately wounded.
The fire elemental hits you. The fire elemental burns you!
The deep elf pyromancer hits you with a +0 long sword of holy wrath.
You closely miss the deep elf pyromancer.
Your claw misses the deep elf pyromancer.
The deep elf pyromancer is moderately wounded.
The fire elemental hits you. The fire elemental burns you!
You are too injured to fight recklessly!
You are too injured to fight recklessly!
You are too injured to fight recklessly!
You are too injured to fight recklessly!
You are too injured to fight recklessly!
You are too injured to fight recklessly!
You are too injured to fight recklessly!
You closely miss the deep elf pyromancer.
The deep elf pyromancer is moderately wounded.
The deep elf pyromancer hits you with a +0 long sword of holy wrath!
The fire elemental barely misses you.
You mangle the deep elf pyromancer!!
The deep elf pyromancer is almost dead.
The deep elf pyromancer points at you and mumbles some strange words.
The bolt of fire hits you!!
You die...

▓▓▓▓▓▓ ▓▓▓ .'...♣♣♣♣
♣.############ .#......♣
♣.#__E#___#__# ##....♣♣♣
♣♣.#!eE#__.#._#
.#....~.♣♣♣..###@#)###)##
.#...~~.♣.♣..#..........#
(#..~~†~♣.♣..'.⌠........#
'#..~≈≈~~~♣♣.#...######+#
.#.~~≈~~~....#.⌠.#
.#.~≈~~~.....#...#
.#.~~~.......#)###
##...........#)::#
.......†.....#___#


You could see a deep elf pyromancer and 2 fire elementals.

Vanquished Creatures
  A necrophage (D)
  A water elemental (D)
  A wizard (D)
  A necromancer (D)
  3 humans (D)
  A kobold demonologist (D)
  A wolf (D)
  An endoplasm (D)
  3 rats (D)
13 creatures vanquished.

Notes
Turn   | Place    | Note
-------+----------+-------------------------------------------
     0 | D        | sircluck the Troll Berserker began the quest for the Orb.
     0 | D        | Reached XP level 1. HP: 22/22 MP: 0/0
    12 | D        | Reached ** piety under Trog
    45 | D        | Reached skill level 4 in Unarmed Combat
    45 | D        | Reached XP level 2. HP: 31/31 MP: 1/1
    51 | D        | Reached XP level 3. HP: 39/39 MP: 2/2
    68 | D        | Gained mutation: You are clumsy. (Dex -2) [potion of
                  | mutation]
    68 | D        | Gained mutation: You are partially covered in iridescent
                  | scales. (AC +2) [potion of mutation]
    68 | D        | Gained mutation: Your body sometimes deteriorates upon
                  | taking damage. [potion of mutation]
    69 | D        | Lost mutation: You are partially covered in iridescent
                  | scales. (AC +2) [potion of mutation]
    69 | D        | Lost mutation: Your body sometimes deteriorates upon taking
                  | damage. [potion of mutation]
    69 | D        | Gained mutation: Your mind is acute. (Int +4, Str/Dex -1)
                  | [potion of mutation]
    69 | D        | Gained mutation: You heal very quickly. [potion of
                  | mutation]
    69 | D        | Gained mutation: You possess an exceptional clarity of
                  | mind. [potion of mutation]
    85 | D        | Noticed a water elemental
    88 | D        | Killed a water elemental
    88 | D        | Reached *** piety under Trog
    89 | D        | Reached skill level 5 in Unarmed Combat
    89 | D        | Reached XP level 4. HP: 49/49 MP: 3/3
   141 | D        | Found a radiant altar of Vehumet.
   141 | D        | Found a shimmering blue altar of Sif Muna.
   141 | D        | Found an ancient bone altar of Kikubaaqudgha.
   141 | D        | Noticed a wizard
   142 | D        | Killed a wizard
   143 | D        | Reached skill level 5 in Fighting
   143 | D        | Reached skill level 5 in Dodging
   143 | D        | Reached skill level 6 in Unarmed Combat
   143 | D        | Noticed a hellwing
   148 | D        | Noticed a sun demon
   149 | D        | Reached XP level 5. HP: 23/57 MP: 4/4
   164 | D        | Found a basalt altar of Yredelemnul.
   164 | D        | Found a shadowy altar of Dithmenos.
   164 | D        | Found a sacrificial altar of Ru.
   165 | D        | Reached **** piety under Trog
   170 | D        | Reached skill level 7 in Unarmed Combat
   179 | D        | Found a hide-covered altar of Uskayaw.
   179 | D        | Found an iron altar of Okawaru.
   179 | D        | Found a bloodstained altar of Trog.
   179 | D        | Found an ornate altar of the Wu Jian Council.
   179 | D        | Noticed a human
   180 | D        | Noticed a human
   185 | D        | Killed a human
   186 | D        | Reached skill level 8 in Unarmed Combat
   186 | D        | Reached XP level 6. HP: 43/71 MP: 5/5
   187 | D        | Killed a human
   188 | D        | Reached skill level 9 in Unarmed Combat
   214 | D        | Found a glowing silver altar of Zin.
   214 | D        | Found a glowing golden altar of the Shining One.
   214 | D        | Found a white marble altar of Elyvilon.
   215 | D        | Noticed a deep elf pyromancer
   218 | D        | Noticed a fire elemental
   218 | D        | Noticed a fire elemental
   222 | D        | Killed from afar by a deep elf pyromancer

Illustrated notes

Levels and vault maps discovered:
D:        dungeon_sprint_mu [sprint_mu_entry_forest, sprint_mu_temple_rooms,
          sprint_mu_d1_horrors, sprint_mu_d2_genie, sprint_mu_d3_branching,
          sprint_mu_orc_legion, sprint_mu_elf_gauntlet, sprint_mu_hive_nellie,
          sprint_mu_lair_fedhas, sprint_mu_vaults_butterflies,
          sprint_mu_slime_circle, sprint_mu_swamp_cave, sprint_mu_snake_twists,
          sprint_mu_blade_basic, sprint_mu_crypt_chambers,
          sprint_mu_tomb_spiral, sprint_mu_vestibule_basic,
          sprint_mu_gehenna_hellfire, sprint_mu_dis_giant,
          sprint_mu_tartarus_statrot, sprint_mu_cocytus_islands, sprint_mu_zot1]

Skill      XL: |  1  2  3  4  5  6 |
---------------+-------------------+-----
Fighting       | 3 4 5 7 |  7.7
Dodging        | 3 4 5 7 |  7.6
Unarmed Combat | 4 5 6 8 9 |  9.1

Action                     |  1- 3 |  4- 6 || total
---------------------------+-------+-------++-------
  Melee: Unarmed           |    23 |    23 ||    46
 Invoke: Berserk           |     1 |     1 ||     2
    Use: Potion            |     2 |       ||     2
   Stab: Sleeping          |     1 |       ||     1
 Armour: Animal skin       |    11 |    21 ||    32
  Dodge: Dodged            |     7 |    10 ||    17

Table legend: (Time is in decaauts)
 A = Elapsed time spent in this place.
 B = Non-inter-level travel time spent in this place.
 C = Inter-level travel time spent in this place.
 D = Time resting spent in this place.
 E = Time spent auto-exploring this place.
 F = Levels seen in this place.
 G = Mean time per level.
                   A        B        C        D        E       F      G
               +--------+--------+--------+--------+--------+-----+--------+
         Total |    235 |    235 |      0 |     81 |     47 |   1 |  235.0 |
       Dungeon |    235 |    235 |      0 |     81 |     47 |   1 |  235.0 |
               +--------+--------+--------+--------+--------+-----+--------+

Top non-repeatable levels by time:
       D: 235 daAuts
